 Dungeon Crawl Stone Soup version 0.31.0-11-ge490571c62 (webtiles) character file.

Game seed: 6711521600619246378

1346 qw the Skirmisher (level 8, -2/39 HPs)
             Began as a Spriggan Hunter on Feb 3, 2024.
             Was a Believer of Okawaru.
             Slain by a water moccasin (7 damage)
             ... on level 6 of the Dungeon.
             The game lasted 00:00:17 (4174 turns).

qw the Skirmisher (Spriggan Hunter)                 Turns: 4174, Time: 00:00:17

Health: -2/39      AC:  6    Str:  7    XL:     8   Next: 36%
Magic:  11/11      EV: 23    Int: 11    God:    Okawaru [**....]
Gold:   330        SH:  0    Dex: 20    Spells: 7/7 levels left

rFire   + . .        k - +0 orcbow
rCold   . . .        (shield currently unavailable)
rNeg    . . .        c - +0 robe
rPois   .            (helmet restricted)
rElec   .            (no cloak)
rCorr   .            (gloves unavailable)
SInv    +            (boots unavailable)
Will    +....        (no amulet)
Stlth   ++           i - +4 ring of protection
HPRegen 0.26/turn    l - ring of protection from fire
MPRegen 0.12/turn

%: no passive effects
@: lethally poisoned (-2 -> -13), very quick
A: very small, no large weapons, unfitting armour, see invisible, speed 3
a: Renounce Religion, Heroism


You were on level 6 of the Dungeon.
You worshipped Okawaru.
Okawaru was pleased with you.
You visited 1 branch of the dungeon, and saw 6 of its levels.

You collected 379 gold pieces.
You spent 49 gold pieces at shops.


Innate Abilities, Weirdness & Mutations

You are very small and have problems with some larger weapons.
You are too small for most types of armour.
You have supernaturally acute eyesight. (SInv)
You cover ground extremely quickly. (Speed+++)


   Skills:
 + Level 2.9 Fighting
 - Level 8.0 Ranged Weapons
 - Level 7.9 Dodging
 - Level 1.5 Stealth
 + Level 3.8 Invocations


You had 7 spell levels left.
You didn't know any spells.
Your spell library was empty.

Inventory:

Hand Weapons
 k - a +0 orcbow (weapon)
Armour
 c - a +0 robe (worn)
Jewellery
 h - a ring of positive energy
 i - a +4 ring of protection (left hand)
 l - a ring of protection from fire (right hand)
Wands
 b - a wand of flame (14)
Scrolls
 d - a scroll of identify
 n - a scroll of teleportation
Potions
 a - 2 potions of cancellation
 e - 4 potions of curing
 j - 3 potions of heal wounds
 m - a potion of haste

Dungeon Overview and Level Annotations

Branches:
Dungeon (6/15)
 Temple: D:4-7

Altars:
Ashenzari
Fedhas
Okawaru
Qazlal

Shops:
D:3 (

Annotations:
D:4 1 transporter, qw's ghost, amateur DEHu


Message History

You shoot an arrow.
The arrow closely misses the water moccasin.
The water moccasin completely misses you.
The iguana bites you!
You shoot an arrow.
The arrow barely misses the water moccasin.
The water moccasin closely misses you. The iguana completely misses you.
The water moccasin closely misses you.
You shoot an arrow.
The arrow barely misses the water moccasin.
The water moccasin bites you but does no damage.
An iguana comes into view.
The iguana bites you.
You shoot an arrow.
The arrow closely misses the water moccasin.
The iguana hisses angrily.
The water moccasin closely misses you. The iguana misses you.
The water moccasin misses you.
You shoot an arrow. The arrow hits the water moccasin.
The water moccasin is heavily wounded.
The water moccasin bites you. The iguana barely misses you.
You shoot an arrow.
The arrow closely misses the water moccasin.
The water moccasin misses you. The iguana completely misses you.
The water moccasin barely misses you.
You shoot an arrow. The arrow misses the water moccasin.
The water moccasin completely misses you.
The iguana misses you. The water moccasin barely misses you.
You shoot an arrow.
The arrow hits the water moccasin but does no damage.
The water moccasin is heavily wounded.
The iguana misses you. The water moccasin bites you.
The iguana barely misses you.
You shoot an arrow.
The arrow hits the water moccasin but does no damage.
The water moccasin is heavily wounded.
The water moccasin bites you.
You are lethally poisoned!
The water moccasin poisons you! The water moccasin bites you!
You die...

... #..# .# #. ####..#
.# #: #...... .##.
#.##..# .#. ## #.##..#
.. . . #.##..#######[#
...
#####.##........#S#.>...
...........####l@l......
#####.##.#.# #####.##.#
# #.##.#.# #####.##.#.#
.........#..
#####.###### # #.# . ...
. ##>#


You could see a water moccasin and 2 iguanas.

Vanquished Creatures
  Grinder (D:5)
  A water moccasin (D:6)
  An ice beast (D:5)
  2 ogres (D:5)
  A black bear (D:5)
  A bullfrog (D:6)
  2 scorpions
  A jelly (D:5)
  3 orc priests (D:5)
  A sleepcap (D:5)
  Terence (D:3)
  2 iguanas (D:5)
  2 orc wizards (D:5)
  5 gnolls
  11 adders
  13 orcs
  3 ball pythons
  6 endoplasms
  A giant cockroach (D:3)
  5 goblins
  3 hobgoblins (D:3)
  3 jackals (D:5)
  2 quokkas (D:1)
  8 bats
  5 frilled lizards
  9 kobolds
  8 rats
101 creatures vanquished.

Notes
Turn   | Place    | Note
-------+----------+-------------------------------------------
     0 | D:1      | qw the Spriggan Hunter began the quest for the Orb.
     0 | D:1      | Reached XP level 1. HP: 10/10 MP: 2/2
     0 | D:1      | 0 ||| qw: Version: 0.3-a-157-g843a77d
     0 | D:1      | 0 ||| qw: Game counter: 3776
     0 | D:1      | 0 ||| qw: Melee chars always use a shield: true
     0 | D:1      | 0 ||| qw: God list: Okawaru
     0 | D:1      | 0 ||| qw: Allow faded altars: false
     0 | D:1      | 0 ||| qw: Do Orc after clearing Dungeon:15 true
     0 | D:1      | 0 ||| qw: Do second Lair branch before Depths: true
     0 | D:1      | 0 ||| qw: Lair rune preference: random
     0 | D:1      | 0 ||| qw: Goals: Normal
     0 | D:1      | 0 ||| PLANNING D:1-11
    45 | D:1      | Reached skill level 3 in Dodging
   124 | D:1      | Reached XP level 2. HP: 14/14 MP: 3/3
   342 | D:1      | Reached XP level 3. HP: 18/18 MP: 4/4
   569 | D:1      | 569 ||| UPGRADING to +4 ring of protection.
   570 | D:1      | 570 ||| READING scroll labelled FEPNULEWK.
   571 | D:1      | 571 ||| READING scroll labelled MERCHO DAERING.
   602 | D:1      | 602 ||| READING 2 scrolls labelled MAOZUU GOTU.
   602 | D:1      | 602 ||| IDENTIFYING fizzy grey potion
   603 | D:1      | 603 ||| READING scroll of identify.
   603 | D:1      | 603 ||| IDENTIFYING yellow potion
   604 | D:1      | 604 ||| READING scroll labelled NAMOGEJ MUIRPH.
   604 | D:1      | 604 ||| ENCHANTING +0 shortbow.
   605 | D:1      | 605 ||| READING scroll labelled NARPHE FIGAUTT.
   606 | D:1      | 606 ||| DROPPING scroll of butterflies.
   607 | D:1      | 607 ||| DROPPING potion of lignification.
  1241 | D:3      | 1241 ||| FLEEEEING.
  1242 | D:3      | 1242 ||| FLEEEEING.
  1244 | D:3      | 1244 ||| FLEEEEING.
  1248 | D:3      | 1248 ||| STAIRDANCE
  1249 | D:2      | HP: 4/18 [poisoned by a kobold]
  1250 | D:2      | 1250 ||| DRINKING 2 potions of curing.
  1250 | D:2      | 1250 ||| (to cure poison)
  1277 | D:3      | Found a stormy altar of Qazlal.
  1280 | D:3      | Found a broken altar of Ashenzari.
  1442 | D:3      | Reached skill level 5 in Ranged Weapons
  1499 | D:3      | Reached XP level 4. HP: 22/22 MP: 5/5
  1558 | D:3      | Identified the +8 rapier of Spite {elec, rPois}
  1734 | D:3      | Found an iron altar of Okawaru.
  1776 | D:3      | Found Xouk's Weapon Shoppe.
  1780 | D:3      | 1780 ||| BUYING +0 orcbow (49 gold).
  1780 | D:3      | Bought a +0 orcbow for 49 gold pieces
  1780 | D:3      | 1780 ||| SWAPPING to +0 orcbow.
  1781 | D:3      | 1781 ||| DROPPING +1 shortbow.
  1874 | D:3      | Noticed Terence
  1889 | D:3      | Killed Terence
  2254 | D:3      | 2254 ||| UPGRADING to ring of protection from fire.
  2255 | D:3      | 2255 ||| READING 3 scrolls of identify.
  2255 | D:3      | 2255 ||| IDENTIFYING blue potion
  2256 | D:3      | 2256 ||| READING 2 scrolls of identify.
  2256 | D:3      | 2256 ||| IDENTIFYING 2 golden potions
  2257 | D:3      | 2257 ||| READING scroll of identify.
  2257 | D:3      | 2257 ||| IDENTIFYING scroll labelled ALECHA ZUNUOT
  2258 | D:3      | 2258 ||| READING scroll labelled MASUOTT QAIGISKE.
  2259 | D:3      | 2259 ||| DROPPING scroll of fear.
  2260 | D:3      | 2260 ||| DROPPING potion of berserk rage.
  2305 | D:4      | Noticed a scorpion
  2306 | D:4      | 2306 ||| ZAPPING wand of paralysis (5) at 3,7 (scorpion;
                  | floor).
  2311 | D:4      | Killed a scorpion
  2312 | D:4      | Reached XP level 5. HP: 27/27 MP: 6/6
  2407 | D:4      | Noticed qw's ghost (amateur DEHu)
  2408 | D:4      | Found a transporter.
  2439 | D:4      | Noticed an ogre
  2442 | D:4      | Noticed an ogre
  2866 | D:4      | 2866 ||| READING scroll of identify.
  2866 | D:4      | 2866 ||| IDENTIFYING brown potion
  2867 | D:4      | 2867 ||| READING 2 scrolls labelled NUIGUP ELILI.
  2916 | D:3      | 2916 ||| PLANNING OKAWARU WORSHIP
  2923 | D:3      | Became a worshipper of Warmaster Okawaru
  2924 | D:3      | 2924 ||| PLANNING D:1-11
  2992 | D:5      | Entered Level 5 of the Dungeon
  3102 | D:5      | Noticed an ogre
  3103 | D:5      | 3103 ||| ZAPPING wand of flame (20) at 1,-5 (ogre; floor).
  3104 | D:5      | 3104 ||| ZAPPING wand of flame (19) at 1,-4 (ogre; floor).
  3105 | D:5      | 3105 ||| ZAPPING wand of flame (18) at 1,-3 (ogre; floor).
  3106 | D:5      | 3106 ||| ZAPPING wand of flame (17) at 1,-2 (ogre; floor).
  3107 | D:5      | 3107 ||| ZAPPING wand of flame (16) at 1,-1 (ogre; floor).
  3108 | D:5      | 3108 ||| ZAPPING wand of flame (15) at 1,-1 (ogre; floor).
  3108 | D:5      | Killed an ogre
  3109 | D:5      | Reached skill level 6 in Ranged Weapons
  3109 | D:5      | Reached XP level 6. HP: 32/32 MP: 7/7
  3131 | D:5      | HP: 2/32 [gnoll/+0 flail (7)]
  3132 | D:5      | 3132 ||| READING scroll of teleportation.
  3133 | D:5      | 3133 ||| DRINKING 4 potions of heal wounds.
  3193 | D:5      | Found a blossoming altar of Fedhas.
  3198 | D:5      | Reached skill level 6 in Dodging
  3332 | D:5      | Reached * piety under Okawaru
  3338 | D:5      | Noticed an ice beast
  3339 | D:5      | 3339 ||| RETREEEEATING.
  3341 | D:5      | 3341 ||| RETREEEEATING.
  3379 | D:5      | 3379 ||| ZAPPING wand of paralysis (4) at -3,-1 (ice beast;
                  | floor).
  3380 | D:5      | 3380 ||| ZAPPING wand of paralysis (3) at -2,0 (ice beast;
                  | floor).
  3381 | D:5      | 3381 ||| ZAPPING wand of paralysis (2) at -1,0 (ice beast;
                  | floor).
  3382 | D:5      | 3382 ||| ZAPPING wand of paralysis (1) at -1,0 (ice beast;
                  | floor).
  3383 | D:5      | 3383 ||| INVOKING Heroism.
  3389 | D:5      | Killed an ice beast
  3390 | D:5      | Reached skill level 7 in Ranged Weapons
  3390 | D:5      | Reached XP level 7. HP: 25/35 MP: 5/8
  3429 | D:5      | Noticed Grinder
  3430 | D:5      | 3430 ||| INVOKING Heroism.
  3443 | D:5      | Killed Grinder
  3454 | D:5      | Reached skill level 1 in Invocations
  3657 | D:5      | Reached XP level 8. HP: 39/39 MP: 10/10
  3830 | D:5      | Reached ** piety under Okawaru
  3840 | D:5      | Reached skill level 3 in Invocations
  4072 | D:5      | 4072 ||| READING 3 scrolls of identify.
  4072 | D:5      | 4072 ||| IDENTIFYING murky inky potion
  4073 | D:5      | 4073 ||| READING 2 scrolls of identify.
  4073 | D:5      | 4073 ||| IDENTIFYING scroll labelled OSYH PUZOSH
  4074 | D:5      | 4074 ||| READING scroll of identify.
  4074 | D:5      | 4074 ||| IDENTIFYING 3 scrolls labelled XICRYU YMYKAQU
  4075 | D:5      | 4075 ||| DROPPING 3 scrolls of poison.
  4076 | D:5      | 4076 ||| DROPPING scroll of immolation.
  4103 | D:6      | 4103 ||| PLANNING OSSUARY
  4133 | D:6      | Reached skill level 8 in Ranged Weapons
  4174 | D:6      | HP: 5/39 [water moccasin (5)]
  4174 | D:6      | Slain by a water moccasin

Levels and vault maps discovered:
D:1:      shiori_arrival_elements, layout_basic
D:2:      layout_basic
D:3:      layout_basic, nicolae_overflow_hidden_temple, serial_shops, shop,
          uniq_terence
D:4:      layout_basic, gammafunk_ghost_smash
D:5:      layout_loops_corners, mainiacjoe_overflow_alcove_1, uniq_grinder
D:6:      layout_loops_ring, nicolae_hepliaklqana_monster_ancestors,
          nicolae_ossuary_entry_false_entrances, uniq_edmund

Skill      XL: |  1  2  3  4  5  6  7  8 |
---------------+-------------------------+-----
Dodging        | 3 4 5 6 7 |  7.9
Ranged Weapons | 5 6 7 8 |  8.0
Fighting       | 2 |  2.9
Invocations    | 2 3 |  3.8
Stealth        | |  1.5

Action                     |  1- 3 |  4- 6 |  7- 9 || total
---------------------------+-------+-------+-------++-------
   Fire: Shortbow          |    87 |    24 |       ||   111
         Orcbow            |       |   136 |   103 ||   239
 Invoke: Heroism           |       |     1 |     1 ||     2
  Evoke: Wand              |       |    11 |       ||    11
    Use: Scroll            |     6 |     7 |     3 ||    16
         Potion            |     1 |     1 |       ||     2
 Armour: Robe              |     4 |    34 |    30 ||    68
  Dodge: Dodged            |    12 |   114 |    93 ||   219

Table legend:
 A = Non-vault XP
 B = Vault XP
 C = Vault XP percentage of total XP
 D = Non-vault monster count
 E = Vault monster count
 F = Vault count percentage of total count
                 A         B        C        D         E       F
            +---------+---------+-------+---------+---------+-------
      Total |    1611 |     313 |  16.3 |      99 |       2 |   2.0
            +---------+---------+-------+---------+---------+-------
        D:1 |      48 |       0 |   0.0 |      24 |       0 |   0.0
        D:2 |      27 |       0 |   0.0 |       9 |       0 |   0.0
        D:3 |      67 |      36 |  35.0 |      19 |       1 |   5.0
        D:4 |     128 |       0 |   0.0 |      11 |       0 |   0.0
        D:5 |    1082 |     277 |  20.4 |      33 |       1 |   2.9
        D:6 |     259 |       0 |   0.0 |       3 |       0 |   0.0
            +---------+---------+-------+---------+---------+-------
